 Dungeon Crawl Stone Soup version 0.20-a0-1016-g241539b (webtiles) character file.

17057 Griselidis the Grappler (level 12, -7/178 HPs)
             Began as a Troll Fighter on Apr 16, 2017.
             Was a High Priest of Uskayaw.
             Mangled by a 12-headed hydra (8 damage)
             ... on level 2 of the Lair of Beasts.
             The game lasted 00:22:48 (11195 turns).

Griselidis the Grappler (Troll Fighter)            Turns: 11195, Time: 00:22:49

Health: -7/178     AC:  5    Str: 32    XL:     12   Next: 15%
Magic:  17/17      EV: 10    Int:  4    God:    Uskayaw [*****.]
Gold:   963        SH: 13    Dex: 13    Spells: 11/11 levels left

rFire    . . .     SeeInvis .     - Unarmed
rCold    . . .     Gourm    +   b - +1 shield
rNeg     . . .     Faith    .   a - +0 robe
rPois    .         Spirit   .   (helmet restricted)
rElec    .         Reflect  .   m - scarf {repulsion}
rCorr    .         Harm     .   (gloves unavailable)
MR       .....                  (boots unavailable)
Stlth    ..........             H - amulet of rage
Regen    0.8/turn               r - ring of wizardry
MPRegen  0.2/turn               (no ring)

@: berserking (expiring), repel missiles, very quick
A: unfitting armour, claws 3, fast metabolism 3, gourmand, regeneration 1,
shaggy fur 1, tough skin 2
a: Stomp, Line Pass, Grand Finale, Renounce Religion, Evoke Berserk Rage


You were on level 2 of the Lair of Beasts.
You worshipped Uskayaw.
Uskayaw was aware of your devotion.
You were very full.

You visited 3 branches of the dungeon, and saw 13 of its levels.
You also visited: Ossuary.

You collected 963 gold pieces.

Inventory:

Missiles
 d - 3 large rocks (quivered)
Armour
 a - a +0 robe (worn)
 b - a +1 shield (worn)
 m - a scarf of repulsion (worn)
Jewellery
 r - a ring of wizardry (left claw)
 E - an uncursed ring of fire
 H - an amulet of rage (around neck)
Wands
 K - a wand of digging (18/24)
Scrolls
 e - 3 scrolls of teleportation
 g - 2 scrolls of enchant weapon {unknown}
 h - 2 scrolls of fear
 o - 3 scrolls of magic mapping
 v - 2 scrolls of remove curse
 x - a scroll of vulnerability {unknown}
 y - 3 scrolls of blinking {unknown}
 G - a scroll of summoning {unknown}
 I - 3 scrolls of fog {unknown}
 M - a scroll of noise {unknown}
 O - a scroll of recharging {unknown}
Potions
 c - 2 potions of might
 j - a potion of berserk rage
 l - 4 potions of resistance
 n - a potion of lignification
 p - 5 potions of curing
 q - 4 potions of cancellation
 s - a potion of heal wounds
 t - 2 potions of agility
 C - a potion of haste
 L - a potion of magic
Comestibles
 i - a royal jelly
 u - 10 meat rations


   Skills:
 + Level 7.8 Fighting
 - Level 2.4 Dodging
 + Level 7.7 Shields
 * Level 12.3 Unarmed Combat
 * Level 8.2 Invocations
 + Level 3.2 Evocations


You had 11 spell levels left.
You didn't know any spells.

Dungeon Overview and Level Annotations

Branches:
Dungeon (10/15)            Temple (1/1) D:5            Lair (2/6) D:10
 Shoals (0/4) Lair:2          Orc (0/2) D:9
  Snake: Lair:2-4    Spider: Lair:2-4

Altars:
Ashenzari
Dithmenos
Elyvilon
Gozag
Hepliaklqana
Kikubaaqudgha
Makhleb
Okawaru
Qazlal
Ru
Sif Muna
Trog
Uskayaw
Wu Jian
Xom
Yredelemnul
Zin
The Shining One

Shops:
D:6 [   D:10 [

Annotations:
D:4 exclusion: downstairs


Innate Abilities, Weirdness & Mutations

You are too large for most types of armour.
You have claws for hands.
Your metabolism is lightning-fast.
You like to eat raw meat.
Your natural rate of healing is unusually fast.
You are covered in fur. (AC +1)
You have very tough skin. (AC +2)


Message History

The nine-headed hydra grows two more!
You mangle the 11-headed hydra!!
The 11-headed hydra is heavily wounded.
You rip one of the 11-headed hydra's heads off!
The ten-headed hydra grows two more!
You claw the 12-headed hydra!
The 12-headed hydra is heavily wounded.
The 12-headed hydra bites you!
* * * LOW HITPOINT WARNING * * *
You block the 12-headed hydra's attack. The 12-headed hydra bites you.
* * * LOW HITPOINT WARNING * * *
The 12-headed hydra bites you but does no damage.
The 12-headed hydra bites you.
* * * LOW HITPOINT WARNING * * *
The 12-headed hydra bites you.
* * * LOW HITPOINT WARNING * * *
You block the 12-headed hydra's attack. x2; The 12-headed hydra bites you!
* * * LOW HITPOINT WARNING * * *
The 12-headed hydra bites you!
* * * LOW HITPOINT WARNING * * *
The 12-headed hydra bites you!
You die...

...##.<.P# .. ♣........
P..#8....#≈.♣......# #.#..###.
...#P...P#≈≈...♣.♣.# #.....##.
...'...≈≈#≈≈.......♣ ##.#..##.
...'...≈≈#≈≈..⌠....♣ #.##.###.
#..'...P≈#≈≈.......# #....###.
#..#....≈#≈≈......≈# ##.......
#P.#♣....#≈....♣.P≈# #....###.
##.##♣..♣♣.....D@≈≈# ##....#..
#.###''♣♣#♣#♣♣.†≈## ##...###.
####....#.......≈≈# #.....#..
#####....'......≈≈≈# ##....#P.
#P#P#P...'....≈≈≈≈≈# #...###.
....#♣P..#♣♣♣≈≈≈≈≈8# ##...##P.
....###### ♣######## ###....###.
....#P.#.###.......####....>.###.
.........#.........P##..##...##P.


You could see a 12-headed hydra.

Vanquished Creatures
  Erolcha (D:9)
  2 hydras
  Erica (D:8)
  2 two-headed ogres
  The ghost of dialectric the Slasher, a novice HuFi (D:9)
  A black mamba (Lair:2)
  3 spiny frogs
  A komodo dragon (Lair:1)
  5 blink frogs (Lair:1)
  5 hippogriffs
  2 dream sheep (D:9)
  The ghost of dtmoney the Magician, an amateur GrEE (D:4)
  A wyvern (Lair:2)
  20 yaks
  Grum (D:8)
  Eustachio (D:5)
  A hungry ghost (D:10)
  2 water moccasins
  4 porcupines (Lair:2)
  2 black bears
  A phantom (D:5)
  8 ogres
  3 sky beasts
  An orc warrior (D:6)
  2 wolves (D:8)
  5 centaurs
  7 crocodiles
  3 big kobolds (D:9)
  4 bullfrogs
  2 elf zombies (Ossuary)
  A scorpion (D:5)
  3 killer bees (D:7)
  5 wights (D:10)
  3 howler monkeys (D:9)
  A centaur zombie (Ossuary)
  3 crimson imps
  A human zombie (Ossuary)
  6 hounds
  A quasit (D:4)
  A jelly (D:9)
  5 orc priests
  A centaur skeleton (D:6)
  2 orc wizards
  2 bullfrog skeletons
  4 iguanas
  2 hell rats (D:8)
  4 worker ants
  Ijyb (D:3)
  4 big kobold zombies (Ossuary)
  2 hound skeletons
  3 mummies
  A worker ant zombie (D:8)
  2 howler monkey zombies
  8 adders
  6 river rats (D:8)
  5 shadow imps
  An adder skeleton (D:6)
  A worm (D:3)
  A dart slug (D:4)
  8 leopard geckos
  16 orcs
  A ball python (D:2)
  5 giant cockroaches
  10 goblins
  4 hobgoblins
  7 jackals (D:1)
  9 quokkas
  9 bats
  5 frilled lizards
  A gnoll zombie (Ossuary)
  3 goblin zombies (Ossuary)
  A hobgoblin zombie (Ossuary)
  6 kobolds
  2 leopard gecko skeletons
  A leopard gecko zombie (D:6)
  An orc zombie (Ossuary)
  22 rats
284 creatures vanquished.

Vanquished Creatures (others)
  2 fungi (Lair:2)
  29 plants (Lair:2)
31 creatures vanquished.

Grand Total: 315 creatures vanquished

Notes
Turn   | Place    | Note
-------+----------+-------------------------------------------
     0 | D:1      | Griselidis the Troll Fighter began the quest for the Orb.
     0 | D:1      | Reached XP level 1. HP: 22/22 MP: 0/0
    39 | D:1      | Reached XP level 2. HP: 29/29 MP: 1/1
   571 | D:1      | Reached XP level 3. HP: 35/36 MP: 2/2
   957 | D:2      | Reached skill level 3 in Unarmed Combat
  1465 | D:2      | Reached XP level 4. HP: 44/44 MP: 3/3
  1576 | D:3      | Noticed Ijyb
  1604 | D:3      | Killed Ijyb
  1684 | D:3      | Reached XP level 5. HP: 38/53 MP: 4/4
  1776 | D:3      | Reached skill level 4 in Unarmed Combat
  1905 | D:3      | Found a shadowy altar of Dithmenos.
  2052 | D:3      | Found a deep blue altar of Sif Muna.
  2183 | D:4      | Noticed dtmoney's ghost (amateur GrEE)
  2202 | D:4      | Killed dtmoney's ghost
  2202 | D:4      | Reached skill level 5 in Unarmed Combat
  2202 | D:4      | Reached XP level 6. HP: 49/62 MP: 5/5
  2287 | D:4      | Found a sand-covered staircase.
  2300 | Ossuary  | Entered an ossuary
  2359 | Ossuary  | Reached XP level 7. HP: 65/68 MP: 6/6
  2412 | Ossuary  | Reached skill level 6 in Unarmed Combat
  2997 | D:5      | Entered Level 5 of the Dungeon
  2997 | D:5      | Noticed a yak
  2997 | D:5      | Noticed a yak
  2997 | D:5      | Noticed a yak
  2998 | D:5      | Noticed a yak
  2999 | D:5      | Noticed a yak
  3004 | D:5      | Killed a yak
  3016 | D:4      | Killed a yak
  3016 | D:4      | Reached skill level 7 in Unarmed Combat
  3016 | D:4      | Reached XP level 8. HP: 36/79 MP: 7/7
  3159 | D:5      | Found a shattered altar of Ashenzari.
  3586 | D:5      | Found a staircase to the Ecumenical Temple.
  3681 | Temple   | Entered the Ecumenical Temple
  3820 | Temple   | Became a worshipper of Uskayaw the Reveler
  3845 | D:5      | Reached * piety under Uskayaw
  3868 | D:5      | Noticed Eustachio
  3874 | D:5      | Killed Eustachio
  3874 | D:5      | Reached skill level 5 in Fighting
  3874 | D:5      | Reached skill level 5 in Shields
  3874 | D:5      | Reached skill level 8 in Unarmed Combat
  3874 | D:5      | Reached ** piety under Uskayaw
  4004 | D:5      | Reached *** piety under Uskayaw
  4005 | D:5      | Reached XP level 9. HP: 28/88 MP: 8/8
  4229 | D:6      | Found a bloodstained altar of Trog.
  4431 | D:6      | Reached skill level 9 in Unarmed Combat
  4431 | D:6      | Reached skill level 1 in Invocations
  4738 | D:6      | Found Viomott's Armour Shop.
  5828 | D:8      | Noticed Erica
  5833 | D:8      | Noticed Grum
  5840 | D:8      | Reached **** piety under Uskayaw
  5844 | D:8      | Killed Erica
  5844 | D:8      | Reached skill level 10 in Unarmed Combat
  5844 | D:8      | Reached XP level 10. HP: 47/98 MP: 7/12
  5852 | D:8      | Killed Grum
  6069 | D:8      | Noticed a two-headed ogre
  6083 | D:8      | Killed a two-headed ogre
  6083 | D:8      | Reached skill level 5 in Invocations
  6595 | D:8      | Found a basalt altar of Yredelemnul.
  6598 | D:8      | Found an ornate altar of the Wu Jian Council.
  6601 | D:8      | Found a sacrificial altar of Ru.
  6939 | D:9      | Found a staircase to the Orcish Mines.
  6968 | D:9      | Noticed dialectric's ghost (novice HuFi)
  6983 | D:9      | Killed dialectric's ghost
  7218 | D:9      | Reached skill level 1 in Evocations
  7221 | D:9      | Reached ***** piety under Uskayaw
  7224 | D:9      | Reached skill level 11 in Unarmed Combat
  7263 | D:9      | Noticed a three-headed hydra
  7383 | D:9      | Reached XP level 11. HP: 35/107 MP: 14/14
  7591 | D:9      | Noticed Erolcha
  7608 | D:9      | Killed Erolcha
  7909 | D:9      | Killed a ten-headed hydra
  7950 | D:9      | Found a hazy altar of Hepliaklqana.
  7970 | D:9      | Found a stormy altar of Qazlal.
  8055 | D:10     | Entered Level 10 of the Dungeon
  8075 | D:10     | Found a staircase to the Lair.
  8386 | D:10     | Noticed a two-headed ogre
  8396 | D:10     | Killed a two-headed ogre
  8433 | D:10     | Found Ablokave's Armour Shoppe.
  8921 | Lair:1   | Entered Level 1 of the Lair of Beasts
  9562 | Lair:1   | Reached ****** piety under Uskayaw
  9827 | Lair:1   | Noticed a seven-headed hydra
  9834 | Lair:1   | Killed an 11-headed hydra
  9834 | Lair:1   | Reached skill level 12 in Unarmed Combat
 10301 | Lair:2   | Found a staircase to the Shoals.
 10371 | Lair:2   | Reached XP level 12. HP: 72/119 MP: 16/16
 10622 | Lair:2   | Noticed a five-headed hydra
 11195 | Lair:2   | HP: 8/178 [12-headed hydra (14)]
 11195 | Lair:2   | HP: 1/178 [12-headed hydra (7)]
 11195 | Lair:2   | Mangled by a 12-headed hydra

Vault maps used:
D:1:      tarquinn_simple_flora_water_a, kennysheep_decorative_pillar
D:3:      grunt_dithmenos_smoke, lemuel_blue_sif_altar, uniq_iyjb
D:4:      first_bread, gup_ossuary_entry_pyramid
D:5:      evilmike_ruin_ashenzari, minmay_temple_entry_statues, uniq_eustachio
D:6:      cheibrodos_iron_armory, bloody_trog, serial_shops,
          nicolae_shop_behind_doors
D:8:      lemuel_ratsnest, minmay_overflow_temple_star_quad, uniq_grum,
          uniq_erica
D:9:      lemuel_round_altar, kennysheep_mini_moat, orc_0_dummy,
          hangedman_ranch, minivault_25, uniq_erolcha
D:10:     lair_entry_dummy, serial_shops, nicolae_shop_behind_doors
Temple:   nicolae_temple_figure_eight
Lair:1:   guppyfry_lair_drakes
Lair:2:   cheibrodos_lair_overgrown_chateau, elwin_shoals_entry_rooms,
          minivault_11, serial_bayou_pond_e
Ossuary:  minmay_ossuary_gauntlet

Skill      XL: |  1  2  3  4  5  6  7  8  9 10 11 12 |
---------------+-------------------------------------+-----
Unarmed Combat | 3 5 7 8 10 11 12 | 12.3
Fighting       | 3 4 5 6 7 |  7.8
Shields        | 3 4 5 6 7 |  7.7
Invocations    | 4 6 7 8 |  8.2
Evocations     | 1 3 |  3.2
Dodging        | |  2.4

Action                   |  1- 3 |  4- 6 |  7- 9 | 10-12 || total
-------------------------+-------+-------+-------+-------++-------
Melee: Unarmed           |   146 |   131 |   291 |   368 ||   936
Invok: Stomp             |       |       |     1 |     7 ||     8
 Abil: Evoke Berserk Rag |       |       |       |     5 ||     5
  Use: Scroll            |       |       |       |    19 ||    19
 Stab: Paralysed         |       |       |     3 |    28 ||    31
       Sleeping          |       |       |     1 |     1 ||     2
       Distracted        |       |       |     1 |       ||     1
  Eat: Chunk             |    19 |     8 |    32 |    58 ||   117
Armor: Robe              |    67 |    33 |    52 |    39 ||   191
Dodge: Dodged            |    56 |    35 |    66 |    81 ||   238
       Deflected         |       |     2 |     2 |     2 ||     6
Block: Shield            |    80 |    39 |   120 |   170 ||   409
